 Dungeon Crawl Stone Soup version 0.30-a0-800-g7c544603b3 (webtiles) character file.

Game seed: 2386098300466522401

562 mistaj the Shield-Bearer (level 7, -3/38 HPs)
             Began as a Vine Stalker Fighter on Feb 22, 2023.
             Was an Initiate of Gozag.
             Slain by a gnoll sergeant
             ... wielding a +5 spear of venom
              (4 damage)
             ... on level 5 of the Dungeon.
             The game lasted 00:05:37 (3895 turns).

mistaj the Shield-Bearer (Vine Stalker Fighter)     Turns: 3895, Time: 00:05:38

Health: -3/38      AC: 11    Str: 21    XL:     7   Next: 32%
Magic:  0/8        EV:  7    Int:  8    God:    Gozag
Gold:   373        SH:  5    Dex: 13    Spells: 6/6 levels left

rFire   + . .      SeeInvis .    E - +8 morningstar "Ihecill" {freeze, rF+ rN+}
rCold   . . .      Faith    .    c - +0 buckler
rNeg    + . .      Spirit   +    y - +0 chain mail
rPois   +          Reflect  .    q - +0 helmet
rElec   .          Harm     .    t - +0 cloak
rCorr   .          Rampage  .    (no gloves)
Will    .....                    (no boots) Stlth
                                 (no amulet)
HPRegen 1.06/turn                A - ring of poison resistance
MPRegen 0.11/turn                (no ring)

@: lethally poisoned (-3 -> -3), gold aura
A: fangs 2, regeneration 1, magic shield, antimagic bite, no potion heal 2
a: Renounce Religion, Potion Petition, Call Merchant, Bribe Branch


You were on level 5 of the Dungeon.
You worshipped Gozag.
Gozag was aware of your devotion.
You visited 1 branch of the dungeon, and saw 5 of its levels.

You collected 410 gold pieces.
You paid 37 gold pieces to Gozag.

Inventory:

Hand Weapons
 a - a +0 war axe
 s - a +2 falchion of draining
 E - the +8 morningstar "Ihecill" (weapon) {freeze, rF+ rN+}
   (You took it off a gnoll on level 4 of the Dungeon)

   rF:        It protects you from fire.
   rN:        It protects you from negative energy.
Armour
 c - a +0 buckler (worn)
 q - a +0 helmet (worn)
 t - a +0 cloak (worn)
 y - a +0 chain mail (worn)
Jewellery
 A - a ring of poison resistance (left hand)
Wands
 w - a wand of paralysis (7)
 B - a wand of flame (18)
Scrolls
 f - 3 scrolls of noise {unknown}
 h - a scroll of fear {unknown}
 l - a scroll of vulnerability {unknown}
 m - a scroll of immolation {unknown}
 o - a scroll of blinking {unknown}
 p - a scroll of silence {unknown}
 r - 3 scrolls of identify {unknown}
 v - a scroll of poison {unknown}
 x - a scroll of enchant weapon {unknown}
 z - a scroll of magic mapping {unknown}
 C - a scroll of enchant armour {unknown}
 D - a scroll of fog {unknown}
Potions
 b - a potion of degeneration {unknown}
 d - 2 potions of might
 e - 2 potions of flight {unknown}
 g - a potion of heal wounds {unknown}
 i - a potion of brilliance {unknown}
 j - a potion of berserk rage {unknown}
 k - a potion of curing {unknown}
 n - 3 potions of mutation {unknown}
 u - a potion of invisibility {unknown}


   Skills:
 + Level 4.7 Fighting
 - Level 2.7 Long Blades
 - Level 2.8(3.0) Axes
 * Level 1.1(2.1) Maces & Flails
 - Level 2.4 Armour
 + Level 4.7 Shields


You had 6 spell levels left.
You didn't know any spells.
Your spell library contained the following spells:

 Spells                   Type           Power      Damage    Failure   Level
 Scorch                   Fire           0%         2d5       100%        2
 Hailstorm                Conj/Ice       0%         3d3       100%        3
 Flame Wave               Conj/Fire      0%         2d4       100%        4
 Ice Form                 Ice/Tmut       0%         N/A       100%        4
 Summon Cactus Giant      Summ           0%         N/A       100%        6
 Simulacrum               Ice/Necr       Unusable   N/A       N/A         6

Dungeon Overview and Level Annotations

Branches:
Dungeon (5/15)
 Temple: D:4-7

Altars:
Gozag
Zin

Shops:
D:4 [!


Innate Abilities, Weirdness & Mutations

You have extremely sharp teeth.
Your natural rate of healing is unusually fast.
When hurt, damage is shared between your health and your magic reserves.
Your bite disrupts and absorbs the magic of your enemies.
Potions cannot restore your health.


Message History

The phantom attacks as you move away! The phantom hits you.
The shadow imp picks up a beetle and eats it.
The phantom attacks as you move away! The phantom barely misses you.
The phantom attacks as you move away! The phantom misses you.
You hit the phantom but do no damage. The phantom closely misses you.
You sock the phantom! Your bite misses the phantom.
The phantom is heavily damaged.
You block the phantom's attack.
The gnoll sergeant hits you but does no damage.
You block the gnoll sergeant's attack. The phantom closely misses you.
You closely miss the phantom.
The phantom is heavily damaged.
The phantom completely misses you. The gnoll sergeant barely misses you.
You closely miss the phantom. You bite the phantom, but do no damage.
The phantom is heavily damaged.
The phantom hits you but does no damage.
The gnoll sergeant hits you from afar with a +5 spear of venom.
You are poisoned.
You puncture the phantom!
The phantom is almost destroyed.
You feel very sick.
The phantom hits you but does no damage.
The gnoll sergeant hits you from afar with a +5 spear of venom!
The phantom hits you but does no damage.
The gnoll sergeant hits you from afar with a +5 spear of venom!
You closely miss the phantom.
The phantom is almost destroyed.
You feel very sick.
The phantom hits you but does no damage.
The gnoll sergeant hits you from afar with a +5 spear of venom!
* * * LOW HITPOINT WARNING * * *
You impale the phantom!!
You destroy the phantom!
* * * LOW HITPOINT WARNING * * *
You feel very sick. You block the gnoll sergeant's attack.
The gnoll is distracted by your dazzling golden aura.
The gnoll sergeant hits you from afar with a +5 spear of venom.
You die...
Your body crumbles into a pile of gold.

## .. .# ##### .#
##########g..#####.####.
.......@$g5..'...>......
...#######...####.#.####
#...# #...# ##### #.###
#######g### #..g......#
##5#####.#.#
##..#...#.#.#
##...#.....# #


You could see a gnoll sergeant, a gnoll (unaware) and a shadow imp.

Vanquished Creatures
  An ogre (D:4)
  A centaur (D:5)
  A phantom (D:5)
  A necrophage (D:4)
  3 hounds
  2 iguanas (D:4)
  Ijyb (D:3)
  Robin (D:2)
  5 adders
  3 gnolls
  A worm (D:3)
  4 dart slugs
  An orc (D:4)
  3 bats
  7 endoplasms
  2 giant cockroaches (D:1)
  17 goblins
  9 hobgoblins
  4 jackals (D:1)
  6 kobolds
  2 quokkas
  4 ball pythons
  2 frilled lizards
  4 rats
85 creatures vanquished.

Notes
Turn   | Place    | Note
-------+----------+-------------------------------------------
     0 | D:1      | mistaj the Vine Stalker Fighter began the quest for the
                  | Orb.
     0 | D:1      | Reached XP level 1. HP: 11/11 MP: 2/2
    89 | D:1      | Reached XP level 2. HP: 15/16 MP: 3/3
   264 | D:1      | Found a faded altar of an unknown god.
   378 | D:1      | Reached XP level 3. HP: 20/20 MP: 4/4
  1409 | D:2      | Gained mutation: Your natural rate of healing is unusually
                  | fast. [Vine Stalker growth]
  1409 | D:2      | Reached XP level 4. HP: 24/24 MP: 5/5
  1509 | D:2      | Noticed Robin
  1518 | D:2      | Killed Robin
  1809 | D:3      | Found a glowing silver altar of Zin.
  1810 | D:3      | Found an opulent altar of Gozag.
  1818 | D:3      | Became a worshipper of Gozag Ym Sagoz the Greedy
  2154 | D:3      | Noticed Ijyb
  2162 | D:3      | Paralysed by Ijyb for 5 turns
  2169 | D:3      | Paralysed by Ijyb for 2 turns
  2173 | D:3      | Killed Ijyb
  2174 | D:3      | Reached XP level 5. HP: 29/29 MP: 6/6
  2805 | D:4      | Noticed an ogre
  2939 | D:4      | Found Weof's Distillery.
  2972 | D:4      | Reached skill level 1 in Long Blades
  3124 | D:4      | Found Esafuiny's Armour Boutique.
  3481 | D:4      | Reached XP level 6. HP: 33/33 MP: 7/7
  3761 | D:5      | Entered Level 5 of the Dungeon
  3809 | D:5      | Identified the +8 morningstar "Ihecill" {freeze, rF+ rN+}
  3823 | D:4      | Reached XP level 7. HP: 28/38 MP: 8/8
  3857 | D:5      | Reached skill level 1 in Maces & Flails
  3895 | D:5      | HP: 1/38 [poisoned by a gnoll sergeant]
  3895 | D:5      | Slain by a gnoll sergeant

Illustrated notes

Levels and vault maps discovered:
D:1:      dpeg_arrival_court, layout_loops_corners,
          shapermc_ecumenical_altar_totnotflames, minmay_hexomino_u4
D:2:      layout_basic, uniq_robin
D:3:      layout_basic, grunt_temple_overflow_gold_and_silver, uniq_ijyb
D:4:      layout_basic, serial_shops, kennysheep_mini_moat, shop
D:5:      layout_basic, serial_glass, glass_columns_a, glass_columns_a,
          glass_columns_b, glass_columns_c

Skill      XL: |  1  2  3  4  5  6  7 |
---------------+----------------------+-----
Axes           | 2 |  2.8
Fighting       | 3 4 |  4.7
Shields        | 3 4 |  4.7
Long Blades    | 1 2 |  2.7
Maces & Flails | 1 |  1.1
Armour         | |  2.4

Action                     |  1- 3 |  4- 6 |  7- 9 || total
---------------------------+-------+-------+-------++-------
  Melee: War axe           |    82 |    32 |       ||   114
         Bite              |    26 |    38 |     3 ||    67
         Falchion          |       |   105 |     4 ||   109
         Morningstar       |       |       |    12 ||    12
 Armour: Scale mail        |    39 |    29 |       ||    68
         Chain mail        |       |    56 |    24 ||    80
  Dodge: Dodged            |    35 |    48 |    22 ||   105
  Block: Buckler           |    16 |    39 |    10 ||    65

Table legend: (Time is in decaauts)
 A = Elapsed time spent in this place.
 B = Non-inter-level travel time spent in this place.
 C = Inter-level travel time spent in this place.
 D = Time resting spent in this place.
 E = Time spent auto-exploring this place.
 F = Levels seen in this place.
 G = Mean time per level.
                   A        B        C        D        E       F      G
               +--------+--------+--------+--------+--------+-----+--------+
         Total |   3984 |   3789 |    195 |    352 |   2557 |   5 |  796.8 |
       Dungeon |   3984 |   3789 |    195 |    352 |   2557 |   5 |  796.8 |
               +--------+--------+--------+--------+--------+-----+--------+

Top non-repeatable levels by time:
     D:1: 1297 daAuts
     D:4: 1043 daAuts
     D:3: 1040 daAuts
     D:2: 532 daAuts
     D:5: 70 daAuts
